[Event "Titled Tuesday Blitz February 28 Early 2023"]
[White "Erigaisi Arjun"]
[Black "Bernadskiy, Vitaliy"]
[WhiteFideId "35009192"]
[BlackFideId "14100371"]
[WhiteElo "2737"]
[BlackElo "2488"]
[Result "1-0"]
[Round "04"]
[TimeControl "180+2"]
[Date "2023.02.28"]
[WhiteClock "0:01:06"]
[BlackClock "0:00:13"]

1. c4 b6 2. e4 Bb7 3. Nc3 e5 4. Nf3 Nc6 5. d4 exd4 6. Nxd4 Nxd4 7. Qxd4 Qf6 8. Be3 Bb4 9. O-O-O Qxd4 10. Bxd4 Bxc3 11. Bxc3 Nf6 12. f3 d6 13. h4 O-O 14. Rh3 Nd7 15. h5 h6 16. Rg3 f6 17. Bd3 Ne5 18. Be2 Rae8 19. b3 a5 20. Rh1 Bc8 21. Rh4 Be6 22. f4 Nc6 23. Bf3 Nb4 24. Kb1 Bd7 25. a3 Nd3 26. e5 fxe5 27. Bd5+ Kh8 28. Rxd3 c6 29. Be4 exf4 30. Rxd6 Rxe4 31. Rxd7 1-0


[Site "https://www.chess.com"]

[Event "Titled Tuesday Blitz February 28 Early 2023"]
[White "Rustemov, Alexander"]
[Black "Duda, Jan-Krzysztof"]
[WhiteFideId "4119002"]
[BlackFideId "1170546"]
[WhiteElo "2890"]
[BlackElo "2790"]
[Result "1-0"]
[Round "04"]
[TimeControl "180+2"]
[Date "2023.02.28"]
[WhiteClock "0:00:09"]
[BlackClock "0:00:01"]

1. d4 d5 2. c4 e6 3. Nc3 Be7 4. Nf3 Nf6 5. Bg5 h6 6. Bxf6 Bxf6 7. e3 c6 8. Rc1 O-O 9. Bd3 Nd7 10. O-O g6 11. Qc2 Bg7 12. Rfd1 a5 13. e4 dxe4 14. Nxe4 Nf6 15. c5 Nxe4 16. Bxe4 Qc7 17. a3 Rd8 18. g3 Bd7 19. b4 Be8 20. Qc3 axb4 21. axb4 Ra7 22. Ne5 Rda8 23. Ra1 Rxa1 24. Rxa1 Rd8 25. Kg2 Rxd4 26. Qxd4 Bxe5 27. Qd1 Bxa1 28. Qxa1 e5 29. Qa8 Kf8 30. h4 Ke7 31. Bd3 Qd7 32. Bc4 Kf6 33. Qb8 g5 34. hxg5+ hxg5 35. Bb3 Qe7 36. Bc4 Kg7 37. Bb3 Bd7 38. Kg1 Bg4 39. Bc4 Bf3 40. Bf1 g4 41. Bg2 f6 42. Bxf3 gxf3 43. Qc8 e4 44. Qg4+ Kf7 45. Qh5+ Ke6 46. g4 Kd7 47. Qf5+ Qe6 48. Qh7+ Kc8 49. Qh8+ Kc7 50. Qg7+ Qd7 51. Qg8 Qe7 52. Kh2 Qe5+ 53. Kh3 Kd7 54. Qf7+ Qe7 55. Qg8 Qe6 56. Qb8 Qc4 57. Qxb7+ Kd8 58. Qb8+ Ke7 59. Qc7+ Kf8 60. Qxc6 Qf1+ 61. Kg3 Kg7 62. Qxe4 Qg2+ 63. Kf4 Qxf2 64. Qxf3 Qd2+ 65. Qe3 Qxb4+ 66. Kf3 Qb5 67. Qd4 Qf1+ 68. Ke4 Kf7 69. Kd5 Qf3+ 70. Kd6 Qa3 71. Qd5+ Kg7 72. Qd4 Qa6+ 73. c6 Qa3+ 74. Kd7 Kf7 75. Qd5+ Kg7 76. c7 Qa4+ 77. Qc6 Qxg4+ 78. Kd8 Qh4 79. Qd7+ Kg6 80. c8=Q Qe4 81. Qg4+ 1-0


[Site "https://www.chess.com"]

[Event "Titled Tuesday Blitz February 28 Early 2023"]
[White "Kravtsiv, Martyn"]
[Black "Le, Tuan Minh"]
[WhiteFideId "14113147"]
[BlackFideId "12401153"]
[WhiteElo "2695"]
[BlackElo "2558"]
[Result "1/2-1/2"]
[Round "04"]
[TimeControl "180+2"]
[Date "2023.02.28"]
[WhiteClock "0:00:08"]
[BlackClock "0:00:08"]

1. e4 c5 2. Nf3 Nf6 3. Nc3 d6 4. d4 cxd4 5. Nxd4 g6 6. Be3 Bg7 7. f3 O-O 8. Qd2 Nc6 9. Bc4 Bd7 10. O-O-O Rb8 11. Bb3 Na5 12. Kb1 b5 13. h4 Nc4 14. Bxc4 bxc4 15. Ka1 Qb6 16. Rb1 Qa6 17. h5 Rb4 18. Bh6 Bxh6 19. Qxh6 e5 20. Nf5 Bxf5 21. exf5 Qb7 22. Ne4 Nxe4 23. fxe4 Ra4 24. b3 cxb3 25. cxb3 Rxa2+ 26. Kxa2 Qa6+ 27. Kb2 Qe2+ 28. Ka1 Qa6+ 29. Kb2 Qe2+ 30. Ka1 Qa6+ 31. Kb2 1/2-1/2


[Site "https://www.chess.com"]

[Event "Titled Tuesday Blitz February 28 Early 2023"]
[White "Bluebaum, Matthias"]
[Black "Madaminov, Mukhiddin"]
[WhiteFideId "24651516"]
[BlackFideId "14210703"]
[WhiteElo "2638"]
[BlackElo "2511"]
[Result "1-0"]
[Round "04"]
[TimeControl "180+2"]
[Date "2023.02.28"]
[WhiteClock "0:00:42"]
[BlackClock "0:00:02"]

1. d4 Nf6 2. c4 g6 3. Nc3 d5 4. cxd5 Nxd5 5. e4 Nxc3 6. bxc3 Bg7 7. Nf3 c5 8. Bb5+ Nc6 9. O-O cxd4 10. cxd4 O-O 11. Bxc6 bxc6 12. Qc2 Bg4 13. Ne5 Qxd4 14. Bb2 Qb4 15. Rab1 Bxe5 16. Bxe5 Qa5 17. Bc3 Qc5 18. Qb2 f6 19. Bb4 Qb5 20. Qc3 Be2 21. Bxe7 Qd3 22. Rfc1 Qxc3 23. Rxc3 Rf7 24. Bc5 Bb5 25. Rd1 a5 26. h4 Re8 27. Re3 f5 28. exf5 Rxe3 29. Rd8+ Kg7 30. Bd4+ Kh6 31. Bxe3+ Kh5 32. fxg6 Kxg6 33. Rd6+ Kf5 34. f3 Ke5 35. Rh6 Kd5 36. Kf2 Bd3 37. Rh5+ Rf5 38. Rxh7 Rxf3+ 39. Kxf3 Bxh7 40. Kf4 Ke6 41. Kg5 Bb1 42. a3 Kf7 43. Bd4 Bc2 44. g4 a4 45. Kh6 Ke6 46. g5 Kf7 47. h5 Bd3 48. g6+ Kg8 49. Kg5 1-0


[Site "https://www.chess.com"]

[Event "Titled Tuesday Blitz February 28 Early 2023"]
[White "Galchenko, Matvey"]
[Black "Dubov, Daniil"]
[WhiteFideId "24175480"]
[BlackFideId "24126055"]
[WhiteElo "2404"]
[BlackElo "2802"]
[Result "0-1"]
[Round "04"]
[TimeControl "180+2"]
[Date "2023.02.28"]
[WhiteClock "0:00:02"]
[BlackClock "0:00:57"]

1. e4 e5 2. Nf3 Nc6 3. d4 exd4 4. Nxd4 Nf6 5. Nxc6 bxc6 6. e5 Qe7 7. Qe2 Nd5 8. h4 d6 9. c4 Nb6 10. exd6 cxd6 11. Qxe7+ Bxe7 12. Nc3 Be6 13. b3 Bf6 14. Bb2 d5 15. cxd5 Nxd5 16. Rc1 O-O 17. Be2 Nf4 18. g3 Nxe2 19. Kxe2 Bg4+ 20. f3 Rfe8+ 21. Kf2 Bd4+ 22. Kg2 Bxc3 23. Bxc3 Re2+ 24. Kg1 Bxf3 25. Rh2 Re3 26. Rd2 Bd5 27. Kh2 Rae8 28. Rcc2 h5 29. Rf2 R8e6 30. Rc1 Rg6 31. Bd2 Rexg3 32. Bg5 Rg4 33. Re1 f6 0-1


[Site "https://www.chess.com"]

[Event "Titled Tuesday Blitz February 28 Early 2023"]
[White "Adhiban, B."]
[Black "Drygalov, Sergey"]
[WhiteFideId "5018471"]
[BlackFideId "24171743"]
[WhiteElo "2587"]
[BlackElo "2533"]
[Result "1-0"]
[Round "04"]
[TimeControl "180+2"]
[Date "2023.02.28"]
[WhiteClock "0:00:45"]
[BlackClock "0:00:19"]

1. b3 e5 2. Bb2 Nc6 3. e3 Nf6 4. Nf3 e4 5. Nd4 Bc5 6. Nf5 g6 7. Ng3 d5 8. Nc3 h5 9. Nxd5 Nxd5 10. Bxh8 Qe7 11. Bb2 h4 12. Ne2 Bg4 13. h3 Bh5 14. a3 O-O-O 15. Qb1 Qd6 16. Qc1 f5 17. c4 Ndb4 18. axb4 Nxb4 19. Nf4 g5 20. Nxh5 f4 21. Be2 f3 22. gxf3 exf3 23. Bf1 Qg6 24. Nf6 Nd3+ 25. Bxd3 Qxd3 26. Qd1 Bb4 27. Bc1 Bc3 28. Qxf3 Bxa1 29. Ng4 Kb8 30. Qe2 Qxb3 31. O-O a5 32. d4 a4 33. c5 Bc3 34. Qd3 a3 35. Bxa3 Qxa3 36. Rb1 Qxc5 37. Rc1 Bb4 38. Rxc5 Bxc5 39. Qf5 Be7 40. Qe5 Bd6 41. Qxg5 Rf8 42. e4 b6 43. e5 Bb4 44. Nf6 Kb7 45. Qf5 b5 46. Qe4+ Ka7 47. Qc6 Rb8 48. Qxc7+ Rb7 49. Qc6 Be7 50. Nd5 b4 51. Nxe7 b3 52. Qa4+ Kb8 53. Nc6+ Kc7 54. Na5 b2 55. Qc6+ Kd8 56. Nxb7+ Ke7 57. Qb6 Kf7 58. Qxb2 Kg6 59. d5 Kg5 60. d6 Kf4 61. d7 Kf3 62. d8=Q Ke4 63. e6 Kf3 64. e7 Kf4 65. e8=Q Kf3 66. Qc6+ Kf4 67. Qxh4+ Kf5 68. Qbc2+ Ke5 69. Qg3+ Kd4 70. Q6c5# 1-0


[Site "https://www.chess.com"]

[Event "Titled Tuesday Blitz February 28 Early 2023"]
[White "Deac, Bogdan-Daniel"]
[Black "Koelle, Tobias"]
[WhiteFideId "1226380"]
[BlackFideId "16207378"]
[WhiteElo "2649"]
[BlackElo "2497"]
[Result "1/2-1/2"]
[Round "04"]
[TimeControl "180+2"]
[Date "2023.02.28"]
[WhiteClock "0:00:08"]
[BlackClock "0:00:15"]

1. b3 d5 2. Bb2 Bg4 3. Nf3 Bxf3 4. exf3 e6 5. g3 Nf6 6. f4 Be7 7. Bg2 O-O 8. O-O c5 9. c4 Nc6 10. d3 a6 11. a3 b5 12. Nd2 Rb8 13. Qc2 bxc4 14. dxc4 Qb6 15. f5 Na5 16. fxe6 fxe6 17. cxd5 Nxd5 18. Be5 Rbd8 19. Rae1 Nc6 20. Nc4 Qb7 21. Bh3 Nc7 22. Qe4 Bf6 23. Bd6 Rfe8 24. Bxc5 Nb5 25. Bg2 Rc8 26. b4 Qb8 27. Nb6 Rc7 28. Qg4 Ncd4 29. Nc4 Kh8 30. Nd6 Rd8 31. Ne4 Rf7 32. Nxf6 Rxf6 33. Qh3 e5 34. Be7 Rh6 35. Qg4 Re8 36. Bg5 Rg6 37. Be4 Rge6 38. Qh5 h6 39. Qh4 Nxa3 40. Be3 Nac2 41. Bxc2 Nxc2 42. Rb1 Nxe3 43. fxe3 Qb6 44. Qe4 Rf6 45. Rbc1 Ref8 46. Rxf6 Qxf6 47. Rd1 Qf2+ 48. Kh1 Qe2 49. Rg1 Rf2 50. Qa8+ Kh7 51. Qe4+ Kg8 52. Qd5+ Kf8 53. Qd8+ Kf7 54. Qd7+ Kf6 55. Qc6+ Kf7 56. Qd5+ Kf8 57. Qa8+ Kf7 58. Qb7+ Kg8 59. Qd5+ Kh8 60. Qa8+ Kh7 61. Qe4+ g6 62. Qb7+ Kg8 63. Qc8+ Kg7 64. Qd7+ Rf7 65. Qd5 Qxe3 66. h4 Qf3+ 67. Qxf3 Rxf3 68. Kg2 Rb3 69. Ra1 Rxb4 70. Rxa6 h5 71. Kf3 Rb3+ 72. Kf2 e4 73. Re6 Rb4 74. Ke3 Rb3+ 75. Kf2 Rb2+ 76. Kf1 Rb4 77. Kf2 Kf7 78. Ra6 Rb3 79. Ra4 e3+ 80. Ke2 Kf6 81. Re4 Kf5 82. Rxe3 Rxe3+ 83. Kxe3 Kg4 84. Kf2 g5 85. hxg5 Kxg5 86. Kf3 Kf5 87. Kg2 Kg4 88. Kh2 h4 89. gxh4 Kxh4 1/2-1/2


[Site "https://www.chess.com"]

[Event "Titled Tuesday Blitz February 28 Early 2023"]
[White "Zemlyanskii, Ivan"]
[Black "Lazavik, Denis"]
[WhiteFideId "24249971"]
[BlackFideId "13515110"]
[WhiteElo "2233"]
[BlackElo "2560"]
[Result "0-1"]
[Round "04"]
[TimeControl "180+2"]
[Date "2023.02.28"]
[WhiteClock "0:00:03"]
[BlackClock "0:00:47"]

1. d4 Nf6 2. c4 e6 3. Bf4 d5 4. Nc3 Bb4 5. Qa4+ Nc6 6. e3 O-O 7. Nf3 Ne4 8. Qc2 Nxc3 9. bxc3 Bd6 10. Bg3 h6 11. Bd3 Na5 12. cxd5 exd5 13. O-O Bxg3 14. hxg3 Qd6 15. Rab1 b6 16. Ne5 c5 17. f4 c4 18. Be2 f6 19. Ng4 Qe7 20. Rfe1 Be6 21. Bf3 Qd7 22. Nf2 f5 23. Qe2 Nc6 24. Qc2 Rab8 25. a4 a6 26. Rb2 Rb7 27. Reb1 Rfb8 28. Qd1 b5 29. axb5 axb5 30. g4 b4 31. cxb4 Rxb4 32. Rxb4 Rxb4 33. Ra1 Rb8 34. gxf5 Bxf5 35. Ng4 c3 0-1


[Site "https://www.chess.com"]

[Event "Titled Tuesday Blitz February 28 Early 2023"]
[White "Sarana, Alexey"]
[Black "Ahmadzada, Ahmad"]
[WhiteFideId "24133795"]
[BlackFideId "13413007"]
[WhiteElo "2717"]
[BlackElo "2388"]
[Result "0-1"]
[Round "04"]
[TimeControl "180+2"]
[Date "2023.02.28"]
[WhiteClock "0:00:01"]
[BlackClock "0:00:05"]

1. c4 c5 2. Nf3 Nc6 3. d4 cxd4 4. Nxd4 g6 5. e4 Bg7 6. Be3 Nf6 7. Nc3 d6 8. Be2 O-O 9. O-O Bd7 10. Nc2 Rc8 11. Rc1 a6 12. Qd2 Ne5 13. b3 Neg4 14. Bg5 h6 15. Bh4 g5 16. Bg3 Nh5 17. Bxg4 Bxg4 18. Ne3 Bd7 19. Ncd5 Nxg3 20. hxg3 e6 21. Nc3 Qa5 22. Rfd1 Bc6 23. f3 Be5 24. Ne2 Qxd2 25. Rxd2 b5 26. Ng4 Bg7 27. Rxd6 bxc4 28. bxc4 h5 29. Ne3 Be5 30. Rd2 Rfd8 31. Rcd1 Rxd2 32. Rxd2 Rb8 33. Kf2 Rb1 34. c5 Bb5 35. f4 gxf4 36. gxf4 Bc7 37. e5 Ba5 38. Rc2 Bd3 39. Rc1 Rb2 40. c6 Rxe2+ 41. Kf3 Bc7 42. Rd1 Bb5 43. a4 Bb6 44. axb5 Rxe3+ 45. Kf2 Rd3+ 46. Ke2 Rxd1 47. bxa6 Ra1 48. c7 Bxc7 0-1


[Site "https://www.chess.com"]

[Event "Titled Tuesday Blitz February 28 Early 2023"]
[White "Sadhwani, Raunak"]
[Black "Hambleton, Aman"]
[WhiteFideId "35093487"]
[BlackFideId "2606577"]
[WhiteElo "2631"]
[BlackElo "2511"]
[Result "1-0"]
[Round "04"]
[TimeControl "180+2"]
[Date "2023.02.28"]
[WhiteClock "0:00:07"]
[BlackClock "0:00:01"]

1. c4 c5 2. Nc3 b6 3. Nf3 Bb7 4. d4 cxd4 5. Nxd4 Nf6 6. Bg5 a6 7. Bxf6 gxf6 8. e4 e6 9. Bd3 Qc7 10. O-O h5 11. Kh1 Nc6 12. Nxc6 dxc6 13. Qe2 h4 14. h3 Bd6 15. Rad1 c5 16. Qf3 Be5 17. Bc2 Rd8 18. Rxd8+ Kxd8 19. Qe3 Bf4 20. Qe2 Ke7 21. Qg4 Qe5 22. Ne2 Bd2 23. b3 Qg5 24. Rd1 Qxg4 25. hxg4 Bh6 26. Kh2 Bc6 27. Kh3 e5 28. Nc3 Bg5 29. a3 Rd8 30. Rxd8 Kxd8 31. Ne2 Ke7 32. Ng1 Kd6 33. Nf3 b5 34. Nxh4 Bxh4 35. Kxh4 bxc4 36. bxc4 Ke7 37. g3 Bd7 38. f4 Be6 39. Bd3 Bd7 40. g5 Ba4 41. Kh5 Bd1+ 42. Kh6 a5 43. f5 fxg5 44. Kxg5 f6+ 45. Kh4 Kf7 46. g4 Kg7 47. g5 Bf3 48. Kg3 Bd1 49. gxf6+ Kxf6 50. Kf2 Ba4 51. Ke3 Be8 52. Be2 Kg5 53. Bf3 Bd7 54. Be2 Be8 55. Kd2 Bd7 56. Kc3 Be8 57. Kb3 Bc6 58. Bd3 Bd7 59. Kc3 Be8 60. Kd2 Bd7 61. Ke3 Be8 62. Bc2 Bd7 63. Bd1 Be8 64. Bf3 Bd7 65. Kf2 Be8 66. Kg3 Bc6 67. Bg2 Be8 68. Bh3 Bc6 69. Bg2 Ba4 70. Bf3 Bc2 71. Kf2 Bd3 72. Ke3 Bxc4 73. Be2 Bf7 74. Kd2 Kf4 75. Bd3 Bg8 76. Kc3 Bf7 77. Bc4 Be8 78. Bd5 Kg5 79. Kc4 Kf6 80. Kxc5 Ba4 81. Kb6 Bb3 82. Bxb3 1-0


[Site "https://www.chess.com"]

[Event "Titled Tuesday Blitz February 28 Early 2023"]
[White "Makarian, Rudik"]
[Black "Mahdavi, Reza"]
[WhiteFideId "44105681"]
[BlackFideId "12595926"]
[WhiteElo "2419"]
[BlackElo "2242"]
[Result "1/2-1/2"]
[Round "04"]
[TimeControl "180+2"]
[Date "2023.02.28"]
[WhiteClock "0:00:07"]
[BlackClock "0:00:05"]

1. d4 Nf6 2. c4 g6 3. Nc3 Bg7 4. e4 d6 5. Be2 O-O 6. Be3 Nc6 7. Nf3 Ng4 8. Bg5 h6 9. Bh4 g5 10. Bg3 e5 11. dxe5 Ngxe5 12. h4 Be6 13. hxg5 hxg5 14. Nd5 f5 15. exf5 Bxf5 16. Nxe5 Nxe5 17. Qd2 c6 18. Ne3 Bg6 19. Rd1 Qe8 20. Qxd6 Rd8 21. Qxd8 Qxd8 22. Rxd8 Rxd8 23. O-O Rd2 24. Bd1 Rxb2 25. Bb3 Nd3 26. c5+ Kh7 27. Bd6 Bd4 28. Rd1 Bxe3 29. fxe3 Be4 30. Bc4 Rxg2+ 31. Kf1 Rf2+ 32. Kg1 Rg2+ 33. Kf1 Nb2 34. Rd4 Nxc4 35. Rxc4 Rg4 36. Kf2 Kg6 37. Ra4 a6 38. Rb4 Kf5 39. Rxb7 Rg2+ 40. Kf1 Rxa2 41. Rf7+ Kg4 42. Ke1 a5 43. Be7 a4 44. Rg7 a3 45. Bxg5 Rc2 46. Bf6+ Kf3 47. Bd4 Bd5 48. Ra7 a2 49. Kd1 Rg2 50. Kc1 Ke4 51. Ra3 Bc4 52. Kd1 Rg1+ 53. Kd2 Rg2+ 54. Kd1 Bd5 55. Kc1 Bc4 56. Kd1 1/2-1/2


[Site "https://www.chess.com"]

[Event "Titled Tuesday Blitz February 28 Early 2023"]
[White "Cherniaiev, Tykhon"]
[Black "Svane, Rasmus"]
[WhiteFideId "14182360"]
[BlackFideId "4657101"]
[WhiteElo "2450"]
[BlackElo "2597"]
[Result "0-1"]
[Round "04"]
[TimeControl "180+2"]
[Date "2023.02.28"]
[WhiteClock "0:00:31"]
[BlackClock "0:00:35"]

1. Nf3 d5 2. d4 e6 3. c4 a6 4. cxd5 exd5 5. Nc3 Nf6 6. Bg5 Be6 7. e3 Nbd7 8. Bd3 Bd6 9. O-O c6 10. a3 Qc7 11. Rc1 O-O 12. b4 Bg4 13. h3 Bh5 14. Re1 Rae8 15. e4 Bf4 16. Bxf4 Qxf4 17. e5 Bxf3 18. Qxf3 Qxf3 19. gxf3 Nh5 20. Ne2 Nb6 21. Kg2 g6 22. f4 f6 23. Rcd1 Re7 24. Rd2 Kg7 25. Rdd1 Ref7 26. e6 Re7 27. f5 Nc8 28. Kf3 Kh6 29. Ng3 Nd6 30. fxg6 hxg6 31. Nxh5 Kxh5 32. Rg1 f5 33. Rde1 Rfe8 34. Re5 Rxe6 35. Rge1 Rxe5 36. Rxe5 Kg5 37. Kg3 Kf6 38. f4 Re7 39. Kf3 Nf7 40. Rxe7 Kxe7 41. h4 Nd6 42. Kg3 Nb5 43. Bxb5 axb5 44. Kf3 b6 45. Ke3 Kd6 46. Kd3 c5 47. Ke3 c4 48. Kd2 Ke7 49. Ke3 Kf7 50. Kf3 Kg7 51. Ke3 Kh6 52. Kf3 Kh5 53. Kg3 c3 54. Kf3 c2 55. Ke3 c1=Q+ 56. Ke2 Qxa3 57. Kd2 Kxh4 58. Ke2 Kg4 59. Kd2 Kxf4 60. Ke2 Ke4 61. Kd2 Kxd4 62. Kd1 Kc4 63. Kc2 Kxb4 64. Kd2 Kc5 65. Kc2 d4 66. Kd2 f4 67. Kc2 g5 68. Kd2 g4 69. Kc2 g3 70. Kd2 f3 71. Kc2 b4 72. Kd2 Kd6 73. Kc2 Ke5 74. Kd2 Kf5 75. Kc2 Kg4 76. Kd2 b5 77. Kc2 g2 78. Kd2 Qc3+ 79. Kd1 Qc7 80. Kd2 b3 81. Kd1 b4 82. Kd2 b2 83. Kd1 Kg3 84. Kd2 Kh2 85. Kd3 Kh3 86. Kxd4 Kh4 87. Ke3 g1=Q+ 88. Kxf3 Qc3+ 89. Ke2 Qc2+ 90. Kf3 Qd3+ 91. Kf4 Qf2+ 92. Ke5 b1=Q 93. Ke6 b3 94. Ke5 b2 95. Ke6 Qbc2 96. Ke5 b1=Q 97. Ke6 Qdd2 98. Ke5 Qff1 99. Ke6 Qbe1# 0-1


[Site "https://www.chess.com"]

[Event "Titled Tuesday Blitz February 28 Early 2023"]
[White "Maghsoodloo, Parham"]
[Black "EREBUNI91"]
[WhiteFideId "12539929"]
[WhiteElo "2659"]
[BlackElo "2733"]
[Result "1-0"]
[Round "04"]
[TimeControl "180+2"]
[Date "2023.02.28"]
[WhiteClock "0:00:43"]
[BlackClock "0:00:02"]

1. d4 Nf6 2. c4 e6 3. Nf3 d5 4. g3 Be7 5. Bg2 O-O 6. O-O dxc4 7. Qc2 a6 8. a4 Bd7 9. Qxc4 Bc6 10. Bf4 Nbd7 11. Rd1 a5 12. Nc3 Nb6 13. Qd3 Nbd5 14. Bg5 Nxc3 15. bxc3 Be4 16. Qd2 Qd5 17. h4 Rfd8 18. Qb2 b6 19. Ne1 Bxg2 20. Nxg2 Qd7 21. c4 Ne4 22. Bxe7 Qxe7 23. Qc2 Nf6 24. e4 e5 25. d5 Nd7 26. Ne3 Nc5 27. Kg2 Qd7 28. h5 h6 29. Rh1 Qe7 30. Rh4 Kh7 31. Qd1 Qf6 32. Ra3 Rg8 33. Qc2 Raf8 34. Nf5 Nb7 35. Rf3 Qg5 36. Ne3 Nc5 37. Rf5 Qe7 38. f4 exf4 39. e5 Kh8 40. Rhxf4 Re8 41. Ng4 Qd8 42. Rxf7 Ref8 43. Nxh6 Rxf7 44. Nxf7# 1-0


[Site "https://www.chess.com"]

[Event "Titled Tuesday Blitz February 28 Early 2023"]
[White "Sanal, Vahap"]
[Black "Darini, Pouria"]
[WhiteFideId "6300545"]
[BlackFideId "12502200"]
[WhiteElo "2605"]
[BlackElo "2482"]
[Result "0-1"]
[Round "04"]
[TimeControl "180+2"]
[Date "2023.02.28"]
[WhiteClock "0:00:23"]
[BlackClock "0:00:09"]

1. Nf3 c5 2. b3 Nc6 3. Bb2 d6 4. c4 e5 5. d3 g6 6. g3 Bg7 7. Bg2 Nge7 8. O-O O-O 9. Nfd2 Be6 10. Nc3 d5 11. cxd5 Nxd5 12. Nde4 b6 13. Ng5 Qxg5 14. Nxd5 Rac8 15. Nc3 Rfd8 16. Rc1 Qe7 17. Qc2 h5 18. h4 g5 19. hxg5 Qxg5 20. Ne4 Qg6 21. Qd2 Nd4 22. Bxd4 cxd4 23. Ng5 Bh6 24. f4 exf4 25. gxf4 Rxc1 26. Rxc1 Bxg5 27. fxg5 Bd5 28. Bh3 f6 29. Qf4 Qxg5+ 30. Qxg5+ fxg5 31. Rc7 g4 32. Bg2 Bxg2 33. Kxg2 Re8 34. Kf2 h4 35. Rd7 g3+ 36. Kf1 Rf8+ 37. Kg1 h3 38. Rxd4 h2+ 39. Kg2 Rf1 40. Rg4+ Kf7 0-1


[Site "https://www.chess.com"]

[Event "Titled Tuesday Blitz February 28 Early 2023"]
[White "Yaran, Siar"]
[Black "Kovalenko, Igor"]
[WhiteFideId "6323006"]
[BlackFideId "14117908"]
[WhiteElo "2191"]
[BlackElo "2574"]
[Result "0-1"]
[Round "04"]
[TimeControl "180+2"]
[Date "2023.02.28"]
[WhiteClock "0:01:00"]
[BlackClock "0:01:56"]

1. d4 Nf6 2. c4 e6 3. Nc3 Bb4 4. e3 c5 5. Bd3 Bxc3+ 6. bxc3 d6 7. Nf3 Nc6 8. e4 e5 9. d5 Na5 10. O-O h6 11. Qe2 Kd7 12. Nh4 g5 13. Nf5 Kc7 14. g3 Bxf5 15. exf5 Qd7 16. f3 b6 17. Kg2 Qa4 18. Rb1 Rae8 19. g4 Re7 20. h4 gxh4 21. Rh1 e4 22. fxe4 Qe8 23. Kf3 Nd7 24. Rxh4 Ne5+ 25. Kf4 Qg8 26. Rh5 Qg7 27. Bd2 Rhe8 28. Re1 a6 29. a4 Kb7 30. Qg2 Nxd3+ 0-1


[Site "https://www.chess.com"]

[Event "Titled Tuesday Blitz February 28 Early 2023"]
[White "Jimenez Almeida, Luis David"]
[Black "Steinberg, Nitzan"]
[WhiteFideId "22242244"]
[BlackFideId "2801795"]
[WhiteElo "2245"]
[BlackElo "2486"]
[Result "0-1"]
[Round "04"]
[TimeControl "180+2"]
[Date "2023.02.28"]
[WhiteClock "0:00:41"]
[BlackClock "0:01:36"]

1. e4 c5 2. Nc3 e6 3. Nge2 a6 4. d4 cxd4 5. Nxd4 Qc7 6. g3 Nc6 7. Bg2 h5 8. O-O h4 9. Be3 Nf6 10. Re1 hxg3 11. hxg3 Ne5 12. Nb3 Nc4 13. Bf4 d6 14. Nd5 exd5 15. exd5+ Be7 16. Qe2 Kf8 17. Nd4 Bg4 18. f3 Bh5 19. b3 Ne5 20. c4 Re8 21. Nf5 Bg6 22. Nxe7 Rxe7 23. Qd2 Nd3 24. Rxe7 Qxe7 25. Be3 Qe5 0-1


[Site "https://www.chess.com"]

[Event "Titled Tuesday Blitz February 28 Early 2023"]
[White "Mikhailovsky, Vladimir"]
[Black "Paravyan, David"]
[WhiteFideId "34105414"]
[BlackFideId "4194985"]
[WhiteElo "2282"]
[BlackElo "2577"]
[Result "0-1"]
[Round "04"]
[TimeControl "180+2"]
[Date "2023.02.28"]
[WhiteClock "0:00:30"]
[BlackClock "0:00:56"]

1. e4 e5 2. Nf3 Nf6 3. Nc3 Nc6 4. Bb5 Nd4 5. O-O c6 6. Bc4 d6 7. Nxd4 exd4 8. Ne2 Nxe4 9. d3 Nf6 10. Nxd4 d5 11. Re1+ Be7 12. Bb3 O-O 13. h3 Bc5 14. Nf3 h6 15. Bf4 Be6 16. Qd2 Re8 17. c3 a5 18. d4 Ne4 19. Qd3 Bd6 20. Bxd6 Nxd6 21. Ne5 a4 22. Bc2 Bf5 23. Qd2 Qf6 24. Bxf5 Qxf5 25. b3 Ne4 26. Qc2 Qf4 27. Nd3 axb3 28. axb3 Rxa1 29. Rxa1 Qf5 30. Nc5 b6 31. Nxe4 Rxe4 32. f3 Re1+ 0-1


[Site "https://www.chess.com"]

[Event "Titled Tuesday Blitz February 28 Early 2023"]
[White "Barbosa, Evandro Amorim"]
[Black "Shimanov, Aleksandr"]
[WhiteFideId "2115824"]
[BlackFideId "4198603"]
[WhiteElo "2439"]
[BlackElo "2631"]
[Result "0-1"]
[Round "04"]
[TimeControl "180+2"]
[Date "2023.02.28"]
[WhiteClock "0:00:04"]
[BlackClock "0:00:56"]

1. e4 e6 2. d3 d5 3. Qe2 Be7 4. Nf3 Nf6 5. g3 O-O 6. Bg2 a5 7. O-O a4 8. a3 Nc6 9. e5 Nd7 10. h4 f6 11. d4 fxe5 12. dxe5 b6 13. Re1 Ba6 14. Qd1 Bc5 15. Bf4 Qe8 16. Nc3 Ne7 17. Nxa4 Ng6 18. Nxc5 bxc5 19. Bd2 h6 20. b4 Rf7 21. Be3 d4 22. Bd2 Bb7 23. bxc5 Nxc5 24. Nxd4 Bxg2 25. Kxg2 Rd8 26. c3 Nd3 27. Rf1 c5 28. Nc2 Qc6+ 29. f3 Ngxe5 30. Qe2 Rdf8 31. Qe4 Qxe4 32. fxe4 Rf2+ 0-1


[Site "https://www.chess.com"]

[Event "Titled Tuesday Blitz February 28 Early 2023"]
[White "Subelj, Jan"]
[Black "Bortnyk, Olexandr"]
[WhiteFideId "14618583"]
[BlackFideId "14120828"]
[WhiteElo "2480"]
[BlackElo "2734"]
[Result "0-1"]
[Round "04"]
[TimeControl "180+2"]
[Date "2023.02.28"]
[WhiteClock "0:00:05"]
[BlackClock "0:00:06"]

1. d4 d6 2. Nf3 Nf6 3. Nc3 Nbd7 4. e4 e5 5. Bc4 Be7 6. O-O c6 7. a4 h6 8. a5 Qc7 9. Re1 O-O 10. d5 Rd8 11. a6 Nb6 12. Bb3 cxd5 13. Nxd5 Nbxd5 14. Bxd5 Nxd5 15. Qxd5 Rb8 16. axb7 Rxb7 17. c3 Be6 18. Qa5 Rd7 19. Qxc7 Rdxc7 20. Re2 f6 21. Be3 d5 22. exd5 Bxd5 23. Rd2 Bc4 24. Nh4 Kf7 25. Nf5 Bf8 26. h4 Be6 27. Nd6+ Bxd6 28. Rxd6 Rxb2 29. Rxa7 Rxa7 30. Bxa7 Rc2 31. Rc6 h5 32. Be3 Bd5 33. Rc5 Ke6 34. Rc7 g6 35. Kh2 f5 36. c4 Bxc4 37. Rc6+ Kd5 38. Rxg6 f4 39. Bb6 Rb2 40. Ba7 Ra2 41. Rg7 Be2 42. Bb8 Rb2 43. Rd7+ Ke6 44. Rd8 Bg4 45. Kg1 Rb1+ 46. Kh2 Rb2 47. Kg1 Ke7 48. Rh8 Rb1+ 49. Kh2 Rb2 50. Kg1 f3 51. Bxe5 Rb4 52. Rh7+ Ke6 53. Bg3 Rb3 54. Rc7 fxg2 55. Kxg2 Bf3+ 56. Kh2 Rb1 57. Bf4 Kf5 58. Kg3 Bd5 59. f3 Rb3 60. Bg5 Rxf3+ 61. Kh2 Rf2+ 62. Kg3 Rf3+ 63. Kh2 Kg4 64. Rc2 Rh3+ 65. Kg1 Rh1+ 66. Kf2 Rh2+ 67. Ke3 Rxc2 68. Kd4 Bf3 0-1


[Site "https://www.chess.com"]

[Event "Titled Tuesday Blitz February 28 Early 2023"]
[White "Rostomyan, Mikayel"]
[Black "Lenderman, Aleksandr"]
[WhiteFideId "13313754"]
[BlackFideId "2021285"]
[WhiteElo "2009"]
[BlackElo "2607"]
[Result "1-0"]
[Round "04"]
[TimeControl "180+2"]
[Date "2023.02.28"]
[WhiteClock "0:00:15"]
[BlackClock "0:01:20"]

1. d4 e6 2. Nf3 b6 3. e3 Bb7 4. Be2 f5 5. b3 Nf6 6. Bb2 Bd6 7. c4 O-O 8. Nc3 Ne4 9. a3 Rf6 10. Qc2 Rg6 11. g3 Nxc3 12. Qxc3 Be4 13. O-O-O Nc6 14. h4 a5 15. h5 Rh6 16. d5 Qe7 17. dxc6 dxc6 18. Ne5 Bxh1 19. Rxh1 Bxa3 20. Nxc6 Bxb2+ 21. Kxb2 Qc5 22. Bf3 Re8 23. Rd1 e5 24. Bd5+ Kh8 25. Nxe5 Rf6 26. Nd7 Qe7 27. Nxf6 gxf6 28. Bf3 Kg7 29. Qd4 Qb4 30. Qd2 Qf8 31. Qd7+ Re7 32. Qxf5 Kh8 33. Rd8 Qxd8 34. Qxf6+ Kg8 35. Bd5+ Qxd5 36. cxd5 Rf7 37. Qg5+ Kf8 38. Qd8+ Kg7 39. h6+ Kxh6 40. f4 Kg7 41. Qg5+ Kf8 42. e4 Ke8 43. e5 Kf8 44. e6 Re7 45. Qf6+ Ke8 46. f5 Kd8 47. Qf8+ Re8 48. Qf6+ Kc8 49. e7 Kd7 50. Qe6# 1-0


[Site "https://www.chess.com"]